 Dungeon Crawl Stone Soup version 0.21.1-1-g345015f (webtiles) character file.

86 chorionicmirror the Slasher (level 4, -2/36 HPs)
             Began as a Demonspawn Abyssal Knight on June 21, 2018.
             Was a Believer of Lugonu.
             Slain by an orc priest
             ... wielding a +0 hand axe
              (6 damage)
             ... on level 3 of the Dungeon.
             The game lasted 00:06:29 (2068 turns).

chorionicmirror the Slasher (DsAK)                  Turns: 2068, Time: 00:06:30

Health: -2/36      AC:  5    Str: 13    XL:     4   Next: 27%
Magic:  6/6        EV: 11    Int: 13    God:    Lugonu [**....]
Gold:   83         SH:  0    Dex: 13    Spells: 3/3 levels left

rFire    . . .     SeeInvis .   a - +1 falchion
rCold    . . .     Gourm    .   (no shield)
rNeg     . . .     Faith    .   b - +0 leather armour
rPois    .         Spirit   .   (no helmet)
rElec    .         Reflect  .   (no cloak)
rCorr    +         Harm     .   p - +0 pair of gloves
MR       .....                  (no boots)
Stlth    +.........             (no amulet)
HPRegen  0.12/turn              f - ring of resist corrosion
MPRegen  0.10/turn              (no ring)

@: no status effects
A: rugged brown scales 1
a: Depart the Abyss, Bend Space, Renounce Religion


You were on level 3 of the Dungeon.
You worshipped Lugonu.
Lugonu was pleased with you.
You were not hungry.

You visited 1 branch of the dungeon, and saw 3 of its levels.
You visited the Abyss 1 time.

You collected 83 gold pieces.

Inventory:

Hand Weapons
 a - a +1 falchion (weapon)
Missiles
 j - 2 throwing nets (quivered)
Armour
 b - a +0 leather armour (worn)
 p - a +0 pair of gloves (worn)
Jewellery
 f - a ring of resist corrosion (left hand)
Scrolls
 d - a scroll of fear {unknown}
 g - 3 scrolls of remove curse {unknown}
 h - a scroll of fog {unknown}
 i - a scroll of enchant armour {unknown}
 k - a scroll of immolation {unknown}
 m - a scroll of noise {unknown}
 q - a scroll of teleportation {unknown}
Potions
 e - a potion of lignification {unknown}
 l - a potion of heal wounds {unknown}
 n - a potion of flight {unknown}
Comestibles
 c - 5 rations


   Skills:
 - Level 3.0 Fighting
 * Level 3.4 Long Blades
 + Level 2.6 Armour
 - Level 1.0 Dodging
 - Level 3.0 Invocations


You had 3 spell levels left.
You didn't know any spells.

Dungeon Overview and Level Annotations

Branches:
Dungeon (3/15)

Altars:
Okawaru


Innate Abilities, Weirdness & Mutations

You are partially covered in rugged brown scales. (AC +1, +3% HP)


Message History

Pain shoots through your body!
You closely miss the orc priest.
The orc priest hits you with a hand axe.
You hit the orc priest.
The orc priest is moderately wounded.
The orc priest hits you with a hand axe.
An orc wizard comes into view. It is wielding a dagger.
You hit the orc priest but do no damage.
The orc priest is moderately wounded.
The orc priest closely misses you.
You hit the orc priest.
The orc priest is heavily wounded.
The orc wizard casts a spell.
The orc wizard flickers and vanishes!
Deactivating autopickup; reactivate with Ctrl-A.
The orc priest hits you with a hand axe!
* * * LOW HITPOINT WARNING * * *
There is a stone staircase leading up here.
The orc priest hits you with a hand axe.
You die...

#.....##.........#
#.....##.........#
#.....##.........#
#######.....##.........#
.......................#
#######.....#.#.#.).####
............#.#.#...#
....##.#....#.#.##..#
....##.#....#.#.@o).#######
.......#....#.#.##..##....#
.#.#####.............#....#
.#..........#.#......#....#
.#..####.(..#.#......#....###
.#))# ...(. #....#........#
.#..# ).# # ####.#.>....#.#
.#..##...# #.#......#.#
.#.......# #.#......#.#


You could see an orc priest.

Vanquished Creatures
  An orc priest (D:3)
  An ooze (D:1)
  A worm (D:2)
  2 dart slugs (D:2)
  3 orcs (D:3)
  7 bats
  4 giant cockroaches
  7 goblins
  3 hobgoblins
  A quokka (D:2)
  A ball python (D:1)
  5 frilled lizards
  4 kobolds
  4 rats
44 creatures vanquished.

Notes
Turn   | Place    | Note
-------+----------+-------------------------------------------
     0 | Abyss:1  | chorionicmirror the Demonspawn Abyssal Knight began the quest for the Orb.
     0 | Abyss:1  | Reached XP level 1. HP: 18/18 MP: 2/2
    53 | Abyss:1  | Noticed a worldbinder
    54 | Abyss:1  | Noticed a naga
    54 | Abyss:1  | Noticed a black mamba
    54 | D:1      | Escaped the Abyss
    69 | D:1      | Reached * piety under Lugonu
    89 | D:1      | Reached skill level 1 in Dodging
   135 | D:1      | Gained mutation: You are partially covered in rugged brown scales. (AC +1, +3% HP) [demonic ancestry]
   135 | D:1      | Reached XP level 2. HP: 11/24 MP: 4/4
  1013 | D:2      | Reached XP level 3. HP: 29/29 MP: 5/5
  1064 | D:2      | Found an iron altar of Okawaru.
  1070 | D:2      | Reached ** piety under Lugonu
  1774 | D:3      | Reached XP level 4. HP: 36/36 MP: 6/6
  2068 | D:3      | Slain by an orc priest

Skill      XL: |  1  2  3 |
---------------+----------+-----
Dodging        | 1 |  1.0
Long Blades    | 2 3 |  3.4
Armour         | 2 |  2.6
Invocations    | 3 |  3.0
Fighting       | |  3.0

Action                   |  1- 3 |  4- 6 || total
-------------------------+-------+-------++-------
Melee: Falchion          |    93 |    16 ||   109
Invok: Depart the Abyss  |     1 |       ||     1
       Bend Space        |       |     2 ||     2
  Eat: Chunk             |     2 |       ||     2
       Ration            |     1 |       ||     1
Armor: Leather armour    |    48 |     6 ||    54
Dodge: Dodged            |    69 |     9 ||    78
       Rpst.: Falchion   |    25 |     2 ||    27
